Map: 옥사이드 - 래더

Players

Zoun - Winner!

  • Race: Protoss Protoss
  • Spawn Location: 1:00

Vanya

  • Race: Zerg Zerg
  • Spawn Location: 7:00

Event: StayAtHome Story Cup #3

VOD

Have the link to the VOD?

Description

Time

  • Played on: March 11, 2021, 8:30 a.m.
  • Length: 5:38

All games in this series

Show
View Real Time Build Order
Export as new Build Order

Zoun Protoss - Winner!

Build Orders:  

Get SALT Encoding   

  12  0:00  Probe  
  13  0:12  Probe  
  14  0:19  Pylon  
  14  0:24  Probe (Chrono Boost)  
  15  0:37  Probe (Chrono Boost)  
  15  0:40  Gateway  
  16  0:45  Probe (Chrono Boost)  
  17  0:50  Assimilator  
  17  0:53  Probe  
  18  1:05  Probe  
  19  1:17  Probe  
  20  1:25  Zealot (Chrono Boost)  
  20  1:26  Pylon  
  20  1:28  Cybernetics Core  
  20  1:31  Probe  
  23  1:44  Probe  
  24  1:58  Probe  
  25  2:11  Adept  
  27  2:20  Nexus  
  27  2:30  Assimilator  
  27  2:31  Probe  
  28  2:38  Warp Gate  
  26  2:46  Pylon  
  26  2:49  Probe  
  27  2:55  Stalker  
  29  3:11  Probe  
  30  3:16  Gateway  
  28  3:22  Stargate  
  28  3:23  Probe  
  28  3:26  Adept  
  31  3:40  Twilight Council  
  31  3:44  Probe x2 (Chrono Boost)  
  33  3:54  Probe (Chrono Boost)  
  33  3:55  Probe (Chrono Boost)  
  35  3:56  Adept  
  35  3:59  Probe (Chrono Boost)  
  35  4:01  Probe (Chrono Boost)  
  39  4:04  Robotics Facility  
  40  4:10  Probe (Chrono Boost)  
  40  4:15  Gateway  
  40  4:17  Gateway  
  40  4:20  Probe (Chrono Boost)  
  40  4:21  Probe (Chrono Boost)  
  42  4:32  Probe x2  
  42  4:35  Adept  
  42  4:36  Adept  
  42  4:37  Pylon  
  48  4:48  Warp Prism (Chrono Boost)  
  50  4:56  Probe x2  
  52  5:00  Adept x2  
  52  5:04  Pylon  
  52  5:06  Assimilator  
  56  5:07  Pylon  
  56  5:11  Adept x2  
  60  5:18  Probe  
  60  5:21  Pylon  
  62  5:22  Probe  
  63  5:33  Adept x4  
Show
View Real Time Build Order
Export as new Build Order

Vanya Zerg 

Build Orders: 3 Hatch before Pool 

Get SALT Encoding   

  12  0:00  Drone  
  13  0:12  Overlord  
  13  0:17  Drone  
  14  0:31  Drone x2  
  16  0:47  Drone  
  17  1:02  Hatchery  
  16  1:14  Hatchery  
  16  1:17  Drone  
  16  1:21  Drone  
  17  1:31  Extractor  
  16  1:35  Spawning Pool  
  16  1:39  Drone  
  16  1:42  Drone  
  16  1:46  Evolution Chamber  
  17  1:47  Drone  
  17  1:51  Drone  
  19  2:01  Drone  
  21  2:12  Overlord  
  21  2:23  Queen x2, Zergling x2  
  21  2:24  Zergling x2  
  21  2:28  Extractor  
  26  2:34  Drone  
  26  2:36  Drone x2  
  27  2:48  Metabolic Boost  
  27  2:57  Hatchery  
  26  3:02  Zergling x2  
  26  3:08  Drone  
  26  3:10  Drone  
  26  3:13  Spore Crawler  
  26  3:14  Drone  
  26  3:18  Drone x2  
  29  3:22  Drone  
  30  3:30  Drone  
  30  3:31  Queen  
  33  3:36  Overlord  
  33  3:38  Drone  
  33  3:40  Drone  
  34  3:42  Drone  
  35  3:50  Overlord  
  35  3:55  Drone x3  
  35  3:57  Drone  
  35  4:02  Overlord  
  39  4:11  Drone  
  39  4:12  Drone x4  
  39  4:16  Spore Crawler  
  43  4:19  Spore Crawler  
  43  4:20  Spore Crawler  
  43  4:21  Drone  
  43  4:23  Drone  
  43  4:24  Drone  
  43  4:27  Drone  
  43  4:30  Drone  
  46  4:34  Lair  
  46  4:36  Drone  
  47  4:43  Drone x4  
  51  4:46  Drone x2  
  51  4:48  Drone  
  51  4:51  Overlord  
  54  4:55  Zergling x6  
  54  4:59  Zergling x6  
  60  5:06  Extractor x3  
  57  5:07  Extractor  
  57  5:11  Drone x8  
  64  5:18  Drone x5  
  69  5:27  Roach Warren  
  66  5:30  Spine Crawler  
  66  5:31  Spine Crawler  
Tags
 
Add a new tag
Caveats
  • Supply blocks, unpowered buildings, or Contaminate may cause inaccurate times.
  • Supply counts are checked every 10 seconds.